 Dungeon Crawl Stone Soup version 0.28-a0-1513-ge4f4046303 (webtiles) character file.

Game seed: 7270908850776510628

187 Lekart the Skirmisher (level 5, -5/47 HPs)
             Began as a Draconian Abyssal Knight on Jan 16, 2022.
             Was a Believer of Lugonu.
             Slain by an ice beast (7 damage)
             ... on level 5 of the Dungeon.
             The game lasted 00:06:17 (4134 turns).

Lekart the Skirmisher (Draconian Abyssal Knight)    Turns: 4134, Time: 00:06:17

Health: -5/47      AC:  6    Str: 15    XL:     5   Next: 39%
Magic:  7/7        EV: 12    Int: 11    God:    Lugonu [**....]
Gold:   147        SH:  0    Dex: 13    Spells: 4/4 levels left

rFire   + . .      SeeInvis .   a - +2 falchion
rCold   . . .      Faith    .   (no shield)
rNeg    . . .      Spirit   .   (armour unavailable)
rPois   .          Reflect  .   (helmet restricted)
rElec   .          Harm     .   j - +0 cloak
rCorr   .          Rampage  .   (no gloves)
Will    .....                   (no boots)
Stlth   +.........              (no amulet)
HPRegen 0.15/turn               g - ring of protection from fire
MPRegen 0.10/turn               (no ring)

@: brilliant, slowed, studying Shields, very slow
A: AC +5, unfitting armour, cold-blooded
a: Renounce Religion, Depart the Abyss, Bend Space


You were on level 5 of the Dungeon.
You worshipped Lugonu.
Lugonu was pleased with you.
You visited 1 branch of the dungeon, and saw 5 of its levels.
You visited the Abyss 1 time.

You collected 147 gold pieces.

Inventory:

Hand Weapons
 a - a +2 falchion (weapon)
Armour
 j - a +0 cloak (worn)
Jewellery
 g - a ring of protection from fire (left hand)
 m - a ring of flight
Scrolls
 b - 3 scrolls of teleportation
 e - 2 scrolls of identify
Potions
 f - a potion of flight
 h - a potion of brilliance


   Skills:
 + Level 4.4 Fighting
 + Level 3.8 Long Blades
 + Level 2.9 Dodging
 * Level 3.1 Invocations


You had 4 spell levels left.
You didn't know any spells.
Your spell library contained the following spells:

 Spells                   Type           Power      Damage    Failure   Level
 Conjure Flame            Conj/Fire      0%         6-21      71%         3
 Ignite Poison            Fire/Tmut/Pois 0%         N/A       71%         3
 Sticky Flame             Conj/Fire      0%         2d3       98%         4


Dungeon Overview and Level Annotations

Branches:
Dungeon (5/15)
 Temple: D:4-7

Altars:
Cheibriados

Shops:
D:1 =

Annotations:
D:4 Duvessa, Sigmund


Innate Abilities, Weirdness & Mutations

Your plain brown scales are hard. (AC +5)
You cannot fit into any form of body armour.
You are cold-blooded and may be slowed by cold attacks.


Message History

The ice beast hits you but does no damage.
You hit the ice beast.
You tail-slap the ice beast, but do no damage.
The ice beast is moderately wounded.
The ice beast misses you.
You hit the ice beast.
The ice beast is heavily wounded.
The ice beast hits you but does no damage.
You closely miss the ice beast.
The ice beast is heavily wounded.
The ice beast hits you. The ice beast freezes you!
You feel yourself slow down.
You are too injured to fight recklessly!
You are too injured to fight recklessly!
You are too injured to fight recklessly!
You barely miss the ice beast.
The ice beast is heavily wounded.
The ice beast hits you but does no damage.
The ice beast hits you. The ice beast freezes you!
You feel as though you will be slow longer.
* * * LOW HITPOINT WARNING * * *
You hit the ice beast but do no damage. You tail-slap the ice beast.
The ice beast is heavily wounded.
The ice beast closely misses you. x2
You hit the ice beast.
The ice beast is severely wounded.
You feel yourself speed up. The ice beast closely misses you.
You barely miss the ice beast.
Your tail-slap misses the ice beast.
The ice beast is severely wounded.
The ice beast hits you.
* * * LOW HITPOINT WARNING * * *
The ice beast freezes you!
You feel yourself slow down.
* * * LOW HITPOINT WARNING * * *
You completely miss the ice beast.
The ice beast is severely wounded.
The ice beast hits you but does no damage.
The ice beast hits you.
* * * LOW HITPOINT WARNING * * *
The ice beast freezes you!
You die...

......#.##.#.........#
###.#.#.##.......#####
# ....#######.##
##.### ##.## #. #...#
#. #...######
#.........
#####.<.#####.
#..Y@.......#
.................
..##<..........#.
###.#.>.#.###
...........
#.#......###.
#.#......# ⌠ .
#...!#.#


You could see an ice beast.

Vanquished Creatures
  A scorpion (D:5)
  An orc wizard (D:5)
  A hound skeleton (D:5)
  3 adders
  2 dart slugs (D:3)
  7 orcs
  5 ball pythons
  5 endoplasms
  2 giant cockroaches
  7 goblins
  3 hobgoblins
  5 kobolds
  3 quokkas
  2 bats (D:2)
  3 frilled lizards (D:3)
  6 rats
56 creatures vanquished.

Vanquished Creatures (others)
  An orc (D:5)
1 creature vanquished.

Grand Total: 57 creatures vanquished

Notes
Turn   | Place    | Note
-------+----------+-------------------------------------------
     0 | Abyss:1  | Lekart the Draconian Abyssal Knight began the quest for the
                  | Orb.
     0 | Abyss:1  | Reached XP level 1. HP: 19/19 MP: 2/2
    23 | D:1      | Escaped the Abyss
   240 | D:1      | Reached XP level 2. HP: 20/26 MP: 3/3
   316 | D:1      | Found Hasaist's Jewellery Boutique.
   503 | D:1      | Found a faded altar of an unknown god.
  1019 | D:2      | Reached ** piety under Lugonu
  1046 | D:2      | Reached skill level 4 in Fighting
  1046 | D:2      | Reached XP level 3. HP: 16/33 MP: 4/4
  2497 | D:3      | Reached XP level 4. HP: 40/40 MP: 5/5
  2927 | D:4      | Noticed an ogre
  3176 | D:4      | Found a snail-covered altar of Cheibriados.
  3358 | D:4      | Noticed Sigmund
  3360 | D:4      | Noticed Duvessa
  3556 | D:5      | Entered Level 5 of the Dungeon
  4065 | D:5      | Noticed a scorpion
  4077 | D:5      | Killed a scorpion
  4078 | D:5      | Reached XP level 5. HP: 33/47 MP: 7/7
  4117 | D:5      | Noticed an ice beast
  4134 | D:5      | HP: 2/47 [ice beast (4)]
  4134 | D:5      | Slain by an ice beast

Illustrated notes

Levels and vault maps discovered:
D:1:      dpeg_arrival_pits, layout_loops_ring, serial_shops, shop,
          hellmonk_ecumenical_altar_crossroads
D:2:      layout_loops_cross
D:3:      layout_basic
D:4:      nicolae_BIG_FREAKIN_CUBE, layout_basic, chei_slow_surprise,
          trog_butcher_becter, uniq_sigmund, uniq_duvessa, uniq_grinder
D:5:      layout_loops_cross, minmay_temple_entry_junction, serial_shops,
          nicolae_shop_advertising_works [nicolae_subvault_shop_adworks],
          hangedman_decor_clover_reticule

Skill      XL: |  1  2  3  4 |
---------------+-------------+-----
Fighting       | 4 |  4.4
Long Blades    | 3 |  3.8
Invocations    | 3 |  3.1
Dodging        | |  2.9

Action                   |  1- 3 |  4- 6 || total
-------------------------+-------+-------++-------
Melee: Falchion          |   122 |    64 ||   186
       Punch             |     1 |       ||     1
       Tailslap          |    11 |    15 ||    26
Invok: Bend Space        |       |     3 ||     3
  Use: Scroll            |       |     5 ||     5
       Potion            |       |     5 ||     5
 Stab: Sleeping          |     2 |       ||     2
       Invisible         |       |     1 ||     1
Armor: Skin              |    32 |    29 ||    61
Dodge: Dodged            |    83 |    30 ||   113

Table legend: (Time is in decaauts)
 A = Elapsed time spent in this place.
 B = Non-inter-level travel time spent in this place.
 C = Inter-level travel time spent in this place.
 D = Time resting spent in this place.
 E = Time spent auto-exploring this place.
 F = Levels seen in this place.
 G = Mean time per level.
                   A        B        C        D        E       F      G
               +--------+--------+--------+--------+--------+-----+--------+
         Total |   4172 |   4069 |    103 |    755 |   2593 |   6 |  695.3 |
       Dungeon |   4146 |   4043 |    103 |    755 |   2577 |   5 |  829.2 |
         Abyss |     26 |     26 |      0 |      0 |     16 |   1 |   26.0 |
               +--------+--------+--------+--------+--------+-----+--------+

Top non-repeatable levels by time:
     D:3: 1176 daAuts
     D:2: 925 daAuts
     D:1: 917 daAuts
     D:4: 773 daAuts
     D:5: 353 daAuts
 Abyss:1: 26 daAuts
